Map: 亚历山大港 - 天梯版

Players

Lobo - Winner!

  • Race: Protoss Protoss

SouLeer

  • Race: Zerg Zerg
  • League: Master

Event: WESG 2018 Grand Finals

VOD

Have the link to the VOD?

Description

Time

  • Played on: March 11, 2019, 4:05 a.m.
  • Length: 7:12

All games in this series

Show
View Real Time Build Order
Export as new Build Order

Lobo Protoss - Winner!

Build Orders:  

Get SALT Encoding   

  12  0:00  Probe  
  13  0:12  Probe  
  14  0:20  Pylon  
  14  0:24  Probe  
  15  0:35  Probe  
  15  0:40  Gateway  
  16  0:43  Probe  
  16  0:49  Assimilator  
  17  0:52  Probe  
  18  1:04  Probe  
  19  1:16  Probe  
  19  1:18  Zealot  
  20  1:28  Cybernetics Core  
  20  1:32  Pylon, Probe  
  23  1:46  Assimilator  
  23  1:48  Zealot  
  23  1:50  Probe  
  26  2:02  Probe  
  26  2:07  Adept, Warp Gate  
  29  2:29  Nexus  
  29  2:37  Probe  
  29  2:40  Assimilator  
  30  2:56  Robotics Facility  
  30  2:58  Pylon  
  30  3:07  Shield Battery  
  30  3:09  Stalker  
  30  3:14  Probe  
  33  3:29  Gateway  
  33  3:34  Gateway  
  33  3:41  Shield Battery  
  33  3:46  Pylon  
  33  3:59  Probe  
  33  4:00  Probe  
  33  4:02  Immortal  
  39  4:11  Probe  
  39  4:12  Probe  
  41  4:22  Twilight Council  
  41  4:24  Probe  
  42  4:29  Sentry  
  44  4:35  Stalker  
  46  4:38  Gateway  
  46  4:44  Warp Prism  
  50  4:58  Stalker x2  
  50  5:11  Stalker, Immortal  
  52  5:16  Probe  
  55  5:26  Probe  
  57  5:28  Probe  
  57  5:38  Gateway  
  57  5:43  Probe x2  
  57  5:47  Twilight Council  
  57  5:49  Pylon x2  
  59  5:55  Probe  
  60  5:58  Immortal  
  58  6:05  Probe  
  58  6:07  Probe  
  64  6:13  Zealot  
  64  6:14  Zealot  
  68  6:33  Stalker x2  
  68  6:34  Stalker  
  70  6:49  Gateway  
  70  6:51  Gateway  
  70  6:52  Gateway  
  70  6:55  Pylon  
  70  6:57  Stalker, Zealot  
  72  7:04  Zealot x2  
Show
View Real Time Build Order
Export as new Build Order

SouLeer Zerg 

Build Orders: Pool First 

Get SALT Encoding   

  12  0:01  Drone  
  13  0:13  Overlord  
  13  0:23  Drone  
  14  0:32  Drone x2  
  16  0:36  Drone  
  17  0:47  Drone  
  18  1:05  Extractor  
  17  1:14  Spawning Pool  
  16  1:19  Hatchery, Drone  
  16  1:22  Drone  
  16  1:25  Drone  
  18  1:32  Drone  
  19  1:42  Overlord  
  19  2:04  Hatchery  
  18  2:10  Queen  
  21  2:16  Zergling x6  
  21  2:17  Roach Warren  
  23  2:32  Overlord  
  23  3:01  Roach x3  
  29  3:13  Roach  
  29  3:16  Roach  
  33  3:20  Roach x3  
  33  3:26  Roach  
  40  3:27  Roach  
  41  3:36  Overlord  
  43  3:41  Roach  
  43  3:49  Overlord  
  43  4:02  Drone x5  
  47  4:13  Drone x2  
  49  4:22  Roach  
  49  4:23  Overlord x2  
  51  4:26  Overlord  
  51  4:28  Ravager  
  52  4:31  Ravager, Extractor  
  53  4:48  Drone x3  
  53  4:49  Drone x2  
  58  4:54  Drone x2  
  58  4:58  Roach  
  58  5:11  Roach x3  
  56  5:14  Queen  
  56  5:16  Extractor  
  56  5:17  Extractor  
  56  5:18  Roach  
  56  5:28  Drone x3  
  59  5:29  Drone x2  
  61  5:36  Roach  
  61  5:41  Roach  
  65  5:44  Hatchery  
  64  5:51  Overlord  
  64  5:53  Roach x2  
  68  6:00  Roach x3  
  70  6:05  Roach  
  70  6:09  Roach  
  74  6:13  Overlord  
  74  6:16  Roach  
  76  6:24  Overlord  
  74  6:34  Overlord, Ravager x3  
  74  6:36  Roach  
  74  6:41  Roach x2  
  74  6:44  Roach  
  73  6:50  Roach x2  
Tags
 
Add a new tag
Caveats
  • Supply blocks, unpowered buildings, or Contaminate may cause inaccurate times.
  • Supply counts are checked every 10 seconds.